[Event "*** Titled Tuesday Blitz"]
[Site "Chess.com"]
[Date "2020.04.14"]
[Round "2"]
[White "gmjoey1"]
[Black "Sviridov_Valery"]
[Result "0-1"]
[WhiteElo "2562"]
[BlackElo "2817"]
[TimeControl "180+1"]
[EndTime "10:16:07 PDT"]
[Termination "Sviridov_Valery won by resignation"]

1. e4 Nf6 2. e5 Nd5 3. c4 Nb6 4.
a4 a5 5. c5 Nd5 6. Nc3 e6 7.
Nxd5 exd5 8. d4 d6 9. cxd6 cxd6 10. Nf3 Nc6 11. Bb5 Be7 12. O-O O-O 13. h3 Bf5 14.
Bf4 h6 15. Rc1 Rc8 16. Qd2 Be4 17. exd6 Bxd6 18. Bxd6 Qxd6 19. Bxc6 bxc6 20. Ne5 c5 21. f3 Bf5 22. Qf4 Be6 23. Nd3 Qxf4 24. Nxf4 c4 25.
Rfe1 Rfe8 26. Re2 g5 27. Nxe6 fxe6 28. Kf2 Rb8 29. Kg3 Kf7 30. h4 gxh4+ 31. Kxh4 Rb3 32. Kh5 Rd3 33. Rc3 Rxd4 34. b3 Rg8 35. bxc4 Rg5+ 36. Kxh6 Rg3 37. Kh5 Kf6 0-1

[Event "*** Titled Tuesday Blitz"]
[Site "Chess.com"]
[Date "2020.04.14"]
[Round "2"]
[White "Etoilegeniale"]
[Black "viditchess"]
[Result "0-1"]
[WhiteElo "2507"]
[BlackElo "2986"]
[TimeControl "180+1"]
[EndTime "10:16:07 PDT"]
[Termination "viditchess won by resignation"]

1. e4 c6 2. Nc3 d5 3. d4 dxe4 4. Nxe4 Nf6 5. Nxf6+ exf6 6. c3 Bd6 7. Bd3 O-O 8. Ne2 Re8 9. Qc2 h5 10. O-O h4 11. Bf4 Na6 12. Bxd6 Qxd6 13. Bxa6 bxa6 14. h3 c5 15. dxc5 Qxc5 16. Nd4 Bb7 17. Qf5 Re5 18.
Qd7 Qb6 19. Rae1 Rd8 20. Qa4 Rg5 21. Re8+ Rxe8 22. Qxe8+ Kh7 23. f3 Qxb2 24. Rf2 Qxc3 25. Qxf7 Bd5 26. Qxa7 Qe3 27. Nc6 Qc1+ 0-1

[Event "*** Titled Tuesday Blitz"]
[Site "Chess.com"]
[Date "2020.04.14"]
[Round "2"]
[White "Pomegranate988"]
[Black "mjray79"]
[Result "1-0"]
[WhiteElo "2503"]
[BlackElo "2247"]
[TimeControl "180+1"]
[EndTime "10:16:07 PDT"]
[Termination "Pomegranate988 won by checkmate"]

1. d4 Nf6 2. c4 g6 3. Nc3 Bg7 4. e4 d6 5. Nf3 O-O 6. h3 e5 7. d5 a5 8. g4 Na6 9. Be3 b6 10.
Be2 Nc5 11. Nd2 Ne8 12. Rg1 f5 13. gxf5 gxf5 14. Bg5 Qd7 15. Qc2 fxe4 16. Ndxe4 Qxh3 17. O-O-O Nxe4 18. Nxe4 Bf5 19. Rg3 Bxe4 20. Qxe4 Qf5 21. Qh4 e4 22. Rh1 Kh8 23. Bg4 Qg6 24. Be3 Nf6 25.
Be6 Qe8 26. Bd4 h6 27. Rxg7 Kxg7 28. Qxh6# 1-0

[Event "*** Titled Tuesday Blitz"]
[Site "Chess.com"]
[Date "2020.04.14"]
[Round "2"]
[White "Algeriano22"]
[Black "Bigfish1995"]
[Result "0-1"]
[WhiteElo "2622"]
[BlackElo "3095"]
[TimeControl "180+1"]
[EndTime "10:16:08 PDT"]
[Termination "Bigfish1995 won on time"]

1. e4 e5 2. Nf3 Nc6 3. Bc4 Nf6 4. d3 Be7 5. O-O O-O 6. Re1 d6 7. c3 Kh8 8. Bb3 Ng8 9. d4 Bg4 10. dxe5 Nxe5 11. Bf4 Nxf3+ 12. gxf3 Bh5 13. Qd3 Bg5 14.
Bg3 Qf6 15. Kg2 Ne7 16. e5 dxe5 17. Rxe5 Rad8 18. Qe4 Bg6 19. Qg4 Nf5 20. h4 Nxh4+ 21. Bxh4 Bxh4 22. f4 Qc6+ 0-1

[Event "*** Titled Tuesday Blitz"]
[Site "Chess.com"]
[Date "2020.04.14"]
[Round "2"]
[White "kuli4ik"]
[Black "Talcrifice"]
[Result "1-0"]
[WhiteElo "2782"]
[BlackElo "2548"]
[TimeControl "180+1"]
[EndTime "10:16:09 PDT"]
[Termination "kuli4ik won by resignation"]

1. Nf3 d5 2. g3 Bg4 3. Bg2 Nd7 4. h3 Bf5 5. d3 e6 6. O-O h6 7. c4 c6 8. cxd5 cxd5 9. Nc3 Ngf6 10. Qb3 Qb6 11.
Qxb6 Nxb6 12. Nb5 Ke7 13. Be3 Nfd7 14. Rfc1 a6 15. Nbd4 Bg6 16. Rc7 Kd8 17. Rac1 Rb8 18.
Bf4 Be7 19. Rxd7+ Nxd7 20. Bc7+ Kc8 21. Bb6+ Nc5 22. Ne5 f6 23. Nxg6 1-0

[Event "*** Titled Tuesday Blitz"]
[Site "Chess.com"]
[Date "2020.04.14"]
[Round "2"]
[White "Hanging_pointer"]
[Black "josmito10"]
[Result "1-0"]
[WhiteElo "2549"]
[BlackElo "2746"]
[TimeControl "180+1"]
[EndTime "10:16:09 PDT"]
[Termination "Hanging_pointer won on time"]

1. d4 Nf6 2. c4 e6 3. Nf3 Bb4+ 4.
Bd2 Qe7 5. g3 Bxd2+ 6. Qxd2 Nc6 7.
a3 a5 8. Nc3 d6 9. Bg2 e5 10.
dxe5 dxe5 11. O-O O-O 12. Nd5 Qd8 13. Rfd1 Be6 14. Qc3 Nd7 15. b4 axb4 16. axb4 Rxa1 17. Rxa1 f6 18. e3 Ne7 19. Nd2 c6 20. Nxe7+ Qxe7 21. c5 Rb8 22. Ne4 b6 23. Nd6 bxc5 24. bxc5 Rd8 25. Ra7 Bd5 26. Bxd5+ cxd5 27. Qb3 Nxc5 28. Qxd5+ Qe6 29. Ra8 1-0

[Event "*** Titled Tuesday Blitz"]
[Site "Chess.com"]
[Date "2020.04.14"]
[Round "2"]
[White "WinningButNotReally"]
[Black "secretsuperstar7"]
[Result "1-0"]
[WhiteElo "2424"]
[BlackElo "2143"]
[TimeControl "180+1"]
[EndTime "10:16:09 PDT"]
[Termination "WinningButNotReally won by resignation"]

1. Nf3 d5 2. c4 c6 3. d4 e6 4.
g3 dxc4 5. Bg2 b5 6. a4 Bb7 7. Ne5 a6 8. e3 Bd6 9. Qg4 g6 10.
O-O Ne7 11. Nc3 O-O 12. e4 f5 13. Qh4 Nd7 14. Bg5 Re8 15. exf5 exf5 16. Nxc6 Bxc6 17. Bxc6 Rc8 18. Bd5+ Kg7 19. axb5 Qc7 20. Qh6+ Kh8 21. Be6 axb5 22. Bxd7 Qxd7 23. Bf6+ 1-0

[Event "*** Titled Tuesday Blitz"]
[Site "Chess.com"]
[Date "2020.04.14"]
[Round "2"]
[White "Olkaa"]
[Black "Casablanca"]
[Result "0-1"]
[WhiteElo "2645"]
[BlackElo "2340"]
[TimeControl "180+1"]
[EndTime "10:16:11 PDT"]
[Termination "Casablanca won by checkmate"]

1. e4 c5 2. Nf3 d6 3. d4 cxd4 4.
Nxd4 Nf6 5. Nc3 g6 6. Be3 Bg7 7. f3 O-O 8. Bc4 Nc6 9. Bb3 Bd7 10. h4 Rc8 11. h5 Nxh5 12. g4 Nf6 13. Qd2 Ne5 14.
Bh6 Bxh6 15. Qxh6 Rxc3 16. bxc3 Qa5 17. Qd2 Rc8 18. O-O-O Nxf3 19. Nxf3 Qa3+ 20. Kb1 Nxe4 21. Bxf7+ Kxf7 22. Qf4+ Nf6 23. Rxh7+ Kg8 24. Rh6 Rc5 25. Rxg6+ Kf7 26. Rg5 Be6 27. c4 Bxc4 28. c3 Bxa2+ 29. Kc2 Qxc3# 0-1

[Event "*** Titled Tuesday Blitz"]
[Site "Chess.com"]
[Date "2020.04.14"]
[Round "2"]
[White "temus_galaktionov"]
[Black "ElliPaehtz"]
[Result "1-0"]
[WhiteElo "2759"]
[BlackElo "2528"]
[TimeControl "180+1"]
[EndTime "10:16:12 PDT"]
[Termination "temus_galaktionov won by resignation"]

1. d4 e6 2. c4 b6 3. Nf3 Bb7 4.
g3 Bb4+ 5. Bd2 Bxf3 6. exf3 Bxd2+ 7. Qxd2 d5 8. Bg2 Ne7 9. f4 O-O 10. O-O c6 11. b3 Nd7 12. Nc3 Nf6 13. Rfd1 Qd6 14.
Rac1 Rac8 15. Na4 Rfd8 16. c5 Qb8 17. Qb4 b5 18. Nc3 Qc7 19. Ne2 Ne4 20. a4 a5 21.
Qa3 b4 22. Qb2 Nf5 23. Bh3 g6 24. f3 Nf6 25. Re1 h5 26. Kf2 Kg7 27. Rcd1 Qb7 28.
Nc1 Qc7 29. Nd3 Rg8 30. Ne5 Kh7 31. Rh1 g5 32. Bxf5+ exf5 33. Qc2 Ne4+ 34. fxe4 dxe4 35. Qd2 f6 36. Nc4 gxf4 37. Qxf4 Qxf4+ 38. gxf4 Rg4 39. Ke3 Ra8 40. Rdg1 Rh4 41. Rg3 Ra7 42. h3 Rg7 43. Rhg1 Rxh3 44. Rxh3 Rxg1 45. Nxa5 Kg6 46. Nxc6 Rb1 47.
Na5 1-0

[Event "*** Titled Tuesday Blitz"]
[Site "Chess.com"]
[Date "2020.04.14"]
[Round "2"]
[White "Darhild"]
[Black "Frogo47"]
[Result "1/2-1/2"]
[WhiteElo "2707"]
[BlackElo "2516"]
[TimeControl "180+1"]
[EndTime "10:16:12 PDT"]
[Termination "Game drawn by repetition"]

1. Nf3 Nf6 2. g3 g6 3. Bg2 Bg7 4. O-O O-O 5. d4 Nc6 6. d5 Na5 7. Nc3 c5 8. e4 d6 9. Rb1 a6 10. Re1 Bg4 11. h3 Bxf3 12. Qxf3 Nd7 13. Qe2 b5 14. f4 Rb8 15. Nd1 Re8 16. b3 e6 17.
dxe6 Rxe6 18. Bb2 Bxb2 19. Nxb2 Nc6 20. Qd2 Qb6 21. Kh2 Rbe8 22. Rbd1 Nf6 23. f5 gxf5 24. exf5 Rxe1 25. Rxe1 Rxe1 26. Qxe1 Ne5 27. Nd3 Nxd3 28.
cxd3 Kg7 29. Qe3 h6 30. Qe7 d5 31. Qe5 c4 32. bxc4 dxc4 33. dxc4 bxc4 34. Qc3 Qc5 35. Bf1 Qf2+ 36. Bg2 Qc5 37. Bf1 Qf2+ 38. Bg2 Qc5 1/2-1/2

[Event "*** Titled Tuesday Blitz"]
[Site "Chess.com"]
[Date "2020.04.14"]
[Round "2"]
[White "Koksik_13"]
[Black "Galileo22"]
[Result "1-0"]
[WhiteElo "2689"]
[BlackElo "2330"]
[TimeControl "180+1"]
[EndTime "10:16:12 PDT"]
[Termination "Koksik_13 won by resignation"]

1. e4 c5 2. Nf3 d6 3. Bb5+ Bd7 4.
Bxd7+ Qxd7 5. O-O Nc6 6. c3 Nf6 7. Qe2 g5 8. d4 g4 9. Nh4 cxd4 10.
cxd4 Nxd4 11. Qd3 Ne6 12. Be3 Rg8 13. Nc3 Ng5 14. Bxg5 Rxg5 15. Rad1 Rc8 16. Nf5 e6 17. Ne3 Rgc5 18. Qe2 h5 19. Nc2 Be7 20. Nd4 a6 21. Rd2 b5 22. a3 Qb7 23. Rfd1 Re5 24. f4 gxf3 25. gxf3 Rg5+ 26. Kh1 Nd7 27. f4 Rg4 28. f5 Nf8 29. fxe6 Nxe6 30. Nf5 Rxc3 31. bxc3 Rxe4 32. Qg2 Kd7 33. Nxd6 Bxd6 34. Rxd6+ Kc8 35. Qg8+ 1-0

[Event "*** Titled Tuesday Blitz"]
[Site "Chess.com"]
[Date "2020.04.14"]
[Round "2"]
[White "pichonazo"]
[Black "VitaliyBernadskiy"]
[Result "0-1"]
[WhiteElo "2309"]
[BlackElo "2769"]
[TimeControl "180+1"]
[EndTime "10:16:13 PDT"]
[Termination "VitaliyBernadskiy won by resignation"]

1. e4 e5 2. Bc4 Nf6 3. d4 Nc6 4. dxe5 Nxe5 5. Be2 Bc5 6. Nc3 d6 7. Nf3 O-O 8. O-O h6 9. Bf4 Qe7 10. Nd5 Nxd5 11. exd5 Nxf3+ 12. Bxf3 Qf6 13. Qc1 Bd7 14. c3 Rfe8 15. Qd2 g5 16. Be3 g4 17. Bd1 Bxe3 18. fxe3 Qe5 19. Rf4 h5 20. Kf2 Bf5 21. Qd4 Bg6 22. Bb3 Re7 23. Re1 Rae8 24. a4 a5 25. Bc4 Qg5 26. Kg1 Re4 27. Rxe4 Rxe4 28. Qd3 Qe5 29.
Qe2 h4 30. Bb3 Qg5 31. Bc2 Re5 32. Bxg6 Qxg6 33. c4 h3 34. g3 Qe4 35. b3 Kg7 36. Rf1 Qxe3+ 37. Qxe3 Rxe3 38. Rf4 Rxb3 39. Rxg4+ Kf8 40.
Rh4 Rb4 41. Rxh3 Rxa4 42. Rh8+ Kg7 43. Rb8 b6 44. h4 Rxc4 45. Kg2 a4 46. Kf3 Rc5 47.
Ra8 Ra5 0-1

[Event "*** Titled Tuesday Blitz"]
[Site "Chess.com"]
[Date "2020.04.14"]
[Round "2"]
[White "SGchess01"]
[Black "Neimar24"]
[Result "0-1"]
[WhiteElo "2702"]
[BlackElo "2530"]
[TimeControl "180+1"]
[EndTime "10:16:15 PDT"]
[Termination "Neimar24 won by resignation"]

1. Nf3 Nf6 2. g3 e6 3. Bg2 d5 4.
O-O Be7 5. b3 O-O 6. Bb2 c6 7.
c4 b6 8. d3 Bb7 9. Nbd2 c5 10.
a3 d4 11. b4 Nbd7 12. e3 e5 13. exd4 exd4 14. Re1 Re8 15. Qc2 Qc7 16. Re2 Bf8 17.
Rae1 Rxe2 18. Rxe2 Re8 19. Rxe8 Nxe8 20. bxc5 bxc5 21. Nb3 Nef6 22. Bc1 Bd6 23. Qe2 Kf8 24. Nfd2 Bxg2 25. Kxg2 Ne5 26. f4 Neg4 27. Nf3 Qb7 28. Qd1 h5 29. Bd2 Nh6 30. Na5 Qa8 31. Qa4 Nf5 32. Qc6 Qe8 33. Ne5 Bxe5 34. Qxe8+ Kxe8 35.
fxe5 Ng4 36. Nc6 Kd7 37. Nxa7 Nxe5 38. a4 Nxd3 39. Kf3 Nb2 40. Ke4 Ke6 41. Nb5 Nxc4 42. Nc7+ Kd7 43. Bf4 Nfd6+ 44. Kd5 Kxc7 45. Kxc5 d3 46.
a5 d2 0-1

[Event "*** Titled Tuesday Blitz"]
[Site "Chess.com"]
[Date "2020.04.14"]
[Round "2"]
[White "nubair1198"]
[Black "VolodymyrMolyboha"]
[Result "0-1"]
[WhiteElo "2814"]
[BlackElo "2402"]
[TimeControl "180+1"]
[EndTime "10:16:15 PDT"]
[Termination "VolodymyrMolyboha won by resignation"]

1. d4 g6 2. c4 Bg7 3. e4 Nc6 4. Ne2 e5 5. Be3 d6 6. Nbc3 f5 7. f3 Nf6 8. Qd2 fxe4 9. fxe4 exd4 10. Nxd4 O-O 11. Be2 Re8 12. Nxc6 bxc6 13. O-O Rb8 14. Bxa7 Rb7 15. Bd4 c5 16. Bxf6 Bxf6 17. Bd3 Be5 18. Rf4 Be6 19. Raf1 Qe7 20. R4f3 Qg7 21. Kh1 Reb8 22.
Nd1 Bxb2 23. Nxb2 Rxb2 24. Qg5 h6 25. Qf6 Re8 26. e5 Rxa2 27. Bxg6 Re7 28. Rg3 Bxc4 29. exd6 Qxf6 30. Bd3+ Kh8 31. Rxf6 Re1+ 32. Bf1 Rxf1+ 33.
Rxf1 Bxf1 34. d7 Rd2 35. Rf3 Bxg2+ 0-1

[Event "*** Titled Tuesday Blitz"]
[Site "Chess.com"]
[Date "2020.04.14"]
[Round "2"]
[White "MikeKorovin"]
[Black "czasnaszachy"]
[Result "1-0"]
[WhiteElo "2723"]
[BlackElo "2336"]
[TimeControl "180+1"]
[EndTime "10:16:15 PDT"]
[Termination "MikeKorovin won by resignation"]

1. Nf3 g6 2. d4 Bg7 3. e4 d6 4.
Nc3 Nf6 5. Be3 O-O 6. Qd2 Na6 7.
O-O-O c5 8. dxc5 Ne8 9. e5 Qa5 10. Kb1 dxe5 11. Nd5 Qxd2 12. Nxe7+ Kh8 13. Rxd2 Be6 14.
Ng5 Bf6 15. Nxe6 fxe6 16. Bxa6 bxa6 17. Rd7 e4 18. c3 Ng7 19. Rhd1 Nf5 20. Nxf5 exf5 21.
Bd4 Bxd4 22. cxd4 Kg8 23. d5 Rf7 24. Rd6 Rc8 25. Rc1 a5 26. Ra6 Rd7 27. d6 Kf7 28. Rxa5 Ke6 29. b4 Rb8 30. a3 Kd5 31. c6+ Ke6 32.
cxd7 Kxd7 33. Rxa7+ 1-0

[Event "*** Titled Tuesday Blitz"]
[Site "Chess.com"]
[Date "2020.04.14"]
[Round "2"]
[White "DACF2905"]
[Black "axvesik"]
[Result "0-1"]
[WhiteElo "2157"]
[BlackElo "2427"]
[TimeControl "180+1"]
[EndTime "10:16:15 PDT"]
[Termination "axvesik won by resignation"]

1. d4 Nf6 2. c4 e6 3. Nf3 d5 4. g3 dxc4 5. Qa4+ Nbd7 6. Qxc4 b6 7. Bg2 Bb7 8. O-O c5 9. dxc5 Bxc5 10. Nc3 O-O 11.
Bg5 h6 12. Bxf6 Nxf6 13. Rad1 Qe7 14. a3 Rac8 15. Qd3 Rfd8 16. Qb1 Qc7 17. Nb5 Qb8 18. Rxd8+ Rxd8 19. b4 Be7 20. Rd1 a6 21. Nc3 Nd5 22.
Nxd5 Bxd5 23. e4 Bb7 24. Rxd8+ Qxd8 25. Qc2 a5 26. bxa5 bxa5 27. a4 Qd6 28. e5 Qa3 29. Qc7 Qa1+ 30. Bf1 Bxf3 31. Qxe7 Be2 32. Qd8+ Kh7 0-1

[Event "*** Titled Tuesday Blitz"]
[Site "Chess.com"]
[Date "2020.04.14"]
[Round "2"]
[White "ersekitamara"]
[Black "mc4chess"]
[Result "0-1"]
[WhiteElo "1940"]
[BlackElo "2370"]
[TimeControl "180+1"]
[EndTime "10:16:16 PDT"]
[Termination "mc4chess won by resignation"]

1. d4 Nf6 2. Bg5 e6 3. e3 c5 4. Nf3 b6 5. Bd3 Bb7 6. Nbd2 Be7 7. c3 O-O 8. O-O d6 9. Qe2 Nbd7 10. a4 Re8 11. a5 cxd4 12. exd4 Nd5 13. Bxe7 Qxe7 14. Qe4 N7f6 15. Qh4 h6 16. Rfe1 Rec8 17. c4 Nb4 18. Bb1 Bxf3 19. Nxf3 Rxc4 20. Nd2 Rcc8 21. Ne4 Nbd5 22.
Ng3 bxa5 23. Bd3 Qc7 24. Ne4 Nxe4 25. Qxe4 Nf6 26. Qh4 Qb6 27. Re3 Qxb2 28. Rae1 Kf8 29. g4 Qxd4 30. h3 Rc3 31. Qg3 Rac8 32. g5 hxg5 33. Qxg5 Rxd3 34. Rxd3 Qxd3 35. Qh4 Kg8 0-1

[Event "*** Titled Tuesday Blitz"]
[Site "Chess.com"]
[Date "2020.04.14"]
[Round "2"]
[White "FILI86"]
[Black "joppie2"]
[Result "0-1"]
[WhiteElo "2605"]
[BlackElo "2940"]
[TimeControl "180+1"]
[EndTime "10:16:17 PDT"]
[Termination "joppie2 won by resignation"]

1. Nf3 d5 2. d4 Nf6 3. c4 c6 4. Nc3 dxc4 5. a4 e6 6. Bg5 h6 7. Bxf6 Qxf6 8. e4 Bb4 9. Bxc4 c5 10. e5 Qd8 11. O-O cxd4 12. Ne4 Nc6 13. Bb5 Bd7 14. Qb3 O-O 15. Rfd1 Qe7 16. Bxc6 Bxc6 17. Rxd4 Ba5 18. Nd6 Bxf3 19. Qxf3 Rab8 20. Rad1 Bb6 21. Rg4 Rfd8 22. h4 Bc7 23. h5 Rd7 24. Rgd4 Qg5 25. Qe2 Rbd8 26. f4 Qh4 27. f5 Bb6 28. Qe3 Qxh5 29.
fxe6 Qxd1+ 0-1

[Event "*** Titled Tuesday Blitz"]
[Site "Chess.com"]
[Date "2020.04.14"]
[Round "2"]
[White "shyam"]
[Black "AsaHoffmann"]
[Result "1-0"]
[WhiteElo "2632"]
[BlackElo "2303"]
[TimeControl "180+1"]
[EndTime "10:16:18 PDT"]
[Termination "shyam won by resignation"]

1. e4 d6 2. d4 Nf6 3. Nc3 c6 4. f4 Qa5 5. Bd3 e5 6. Nf3 exd4 7.
Nxd4 Qb6 8. Nb3 a5 9. a4 Na6 10.
Qe2 Nb4 11. Be3 Nxd3+ 12. Qxd3 Qc7 13. O-O-O Be7 14. h3 O-O 15. g4 Ne8 16. g5 b6 17.
Nd4 Ba6 18. Qd2 g6 19. f5 c5 20. Nd5 Qb7 21. Nc6 Bd8 22. Nxd8 Rxd8 23. h4 Bc4 24.
h5 Bxd5 25. exd5 gxf5 26. Rdg1 Qd7 27. b3 c4 28. g6 cxb3 29. cxb3 f6 30. Bh6 Nc7 31.
gxh7+ Kh8 32. Bxf8 Rxf8 33. Rg8+ Rxg8 34. hxg8=Q+ Kxg8 35.
Rg1+ Kf7 36. h6 b5 37. Rg7+ 1-0

[Event "*** Titled Tuesday Blitz"]
[Site "Chess.com"]
[Date "2020.04.14"]
[Round "2"]
[White "medalja"]
[Black "Tjktiger"]
[Result "0-1"]
[WhiteElo "2446"]
[BlackElo "2821"]
[TimeControl "180+1"]
[EndTime "10:16:19 PDT"]
[Termination "Tjktiger won by resignation"]

1. d4 Nf6 2. c4 g6 3. Nf3 Bg7 4. g3 O-O 5. Bg2 c6 6. O-O d5 7. Qb3 a5 8. Nc3 a4 9. Nxa4 dxc4 10. Qd1 Nbd7 11. Bf4 Nd5 12. e4 Nxf4 13. gxf4 Nf6 14.
Re1 Nh5 15. b3 cxb3 16. axb3 Nxf4 17. Qc1 Nd3 18. Qe3 Nxe1 19. Rxe1 Bg4 20. e5 Qa5 21.
Rd1 b6 22. h3 Be6 23. Ng5 Bh6 24. Qg3 Bxg5 25. Qxg5 Bxb3 26. Rd3 Qxa4 27. h4 Bd5 28. h5 Qc4 29. Rh3 Ra1+ 30. Kh2 Qc1 31. Qxc1 Rxc1 32.
Bxd5 cxd5 33. hxg6 0-1

[Event "*** Titled Tuesday Blitz"]
[Site "Chess.com"]
[Date "2020.04.14"]
[Round "2"]
[White "almo64"]
[Black "M1711"]
[Result "1-0"]
[WhiteElo "2808"]
[BlackElo "2549"]
[TimeControl "180+1"]
[EndTime "10:16:23 PDT"]
[Termination "almo64 won by resignation"]

1. e4 e5 2. Nf3 Nc6 3. Bb5 a6 4. Ba4 Nf6 5. O-O Be7 6. Bxc6 dxc6 7. d3 Nd7 8. Be3 O-O 9. Nc3 Bd6 10. Nd2 Re8 11.
Ne2 c5 12. Kh1 Nb8 13. f4 Nc6 14. f5 Be7 15. Nf3 b6 16. c3 a5 17. Qc2 a4 18.
Rad1 a3 19. b3 b5 20. g4 b4 21. c4 Nd4 22. Nexd4 cxd4 23. Bc1 h6 24. Rd2 Bg5 25. Rg2 f6 26. Bxg5 hxg5 27. h4 Kf7 28. hxg5 fxg5 29.
Rh2 c5 30. Qd2 Ra6 31. Nxg5+ Kg8 32. Nf3 Rf8 33. Kg2 Qd6 34. Ng5 Rf6 35. Rfh1 Rh6 36. Rxh6 gxh6 37. Nf3 Kg7 38. g5 hxg5 39. Qxg5+ Kf8 40.
Rh8+ 1-0

[Event "*** Titled Tuesday Blitz"]
[Site "Chess.com"]
[Date "2020.04.14"]
[Round "2"]
[White "MaxVavulin"]
[Black "BakaPG"]
[Result "0-1"]
[WhiteElo "2513"]
[BlackElo "2731"]
[TimeControl "180+1"]
[EndTime "10:16:23 PDT"]
[Termination "BakaPG won by resignation"]

1. e4 e6 2. d4 d5 3. Bd3 Nf6 4. e5 Nfd7 5. Ne2 c5 6. c3 Nc6 7. Nd2 cxd4 8. cxd4 f6 9. exf6 Nxf6 10. Nf3 Bd6 11. Bf4 Bxf4 12. Nxf4 O-O 13. O-O Ne4 14.
Ne2 Rxf3 15. gxf3 Ng5 16. f4 Nh3+ 17. Kh1 Qh4 18. Ng3 Nxf4 19. Bc2 Bd7 20. Qd2 Rf8 21.
Rae1 Rf6 22. f3 a6 23. Ba4 b5 24. Bc2 Rh6 25. Rg1 Nxd4 26. Bd1 Nc6 27. Nf1 Qf6 28.
Rg4 Ng6 29. Ng3 Nce5 30. Rg5 Nxf3 31. Bxf3 Qxf3+ 32. Kg1 Nf4 0-1

[Event "*** Titled Tuesday Blitz"]
[Site "Chess.com"]
[Date "2020.04.14"]
[Round "2"]
[White "Pavlov_Sergey"]
[Black "anon219"]
[Result "1/2-1/2"]
[WhiteElo "2581"]
[BlackElo "2830"]
[TimeControl "180+1"]
[EndTime "10:16:24 PDT"]
[Termination "Game drawn by agreement"]

1. c4 e5 2. Nc3 d6 3. g3 f5 4. d4 e4 5. Bg2 Nf6 6. h4 Be7 7. Nh3 c6 8. Rb1 a5 9. a3 O-O 10. b4 axb4 11. axb4 Be6 12. d5 Bf7 13. Nf4 Nbd7 14.
Bh3 g6 15. h5 Ne5 16. hxg6 hxg6 17. Qd4 Kg7 18. Bb2 Rh8 19. Bg2 Rxh1+ 20. Bxh1 Nfd7 21. Ne6+ Bxe6 22. dxe6 Nf8 23. Nxe4 fxe4 24. Qxe4 Bf6 25.
f4 Ng4 26. e7 Qe8 27. exf8=Q+ Qxf8 28. f5 Bxb2 29. Qxg4 Qxf5 30. Qxf5 gxf5 31. Rxb2 Ra1+ 32. Kf2 Rxh1 33. b5 Rc1 34. bxc6 bxc6 35. Rd2 Rxc4 36. Rxd6 Kf7 37. Kf3 Ke7 38. Rh6 1/2-1/2

[Event "*** Titled Tuesday Blitz"]
[Site "Chess.com"]
[Date "2020.04.14"]
[Round "2"]
[White "MattyDPerrine"]
[Black "OK97"]
[Result "0-1"]
[WhiteElo "2336"]
[BlackElo "2730"]
[TimeControl "180+1"]
[EndTime "10:16:24 PDT"]
[Termination "OK97 won on time"]

1. Nf3 d5 2. c4 d4 3. g3 Nc6 4. Bg2 e5 5. d3 Nf6 6. O-O Bg4 7.
h3 Bf5 8. a3 a5 9. Nh4 Be6 10. e3 Qd7 11. Kh2 dxe3 12. Bxe3 Rd8 13. Nd2 Be7 14. Qa4 O-O 15. Rac1 h6 16. Rfd1 g5 17.
Nhf3 g4 18. Ng1 gxh3 19. Bxh3 Bxh3 20. Nxh3 Ng4+ 21. Kg2 Nxe3+ 22. fxe3 Qxd3 23. Nf2 Qxe3 24. Nde4 Nd4 25. Rc3 Qe2 26. Rd2 Qh5 27. c5 f5 28.
g4 Qg6 29. Qc4+ Kh8 30. Ng3 Qc6+ 31. Kf1 fxg4 0-1

[Event "*** Titled Tuesday Blitz"]
[Site "Chess.com"]
[Date "2020.04.14"]
[Round "2"]
[White "jonaszmb"]
[Black "paradise10"]
[Result "1-0"]
[WhiteElo "2423"]
[BlackElo "2748"]
[TimeControl "180+1"]
[EndTime "10:16:25 PDT"]
[Termination "jonaszmb won by resignation"]

1. d4 d5 2. c4 dxc4 3. e4 e5 4. Nf3 exd4 5. Bxc4 Bb4+ 6. Nbd2 Ne7 7. O-O O-O 8. a3 Bxd2 9. Qxd2 Nbc6 10. b4 a6 11. Bb2 Ng6 12. Nxd4 Nxd4 13. Qxd4 Qxd4 14.
Bxd4 Be6 15. Rac1 Rfd8 16. Bxe6 fxe6 17. Be3 c6 18. Rfd1 e5 19. Bb6 Rxd1+ 20. Rxd1 Nf8 21.
f3 Kf7 22. Kf2 g5 23. Ke3 h6 24. Bc5 Re8 25. g3 Kf6 26. a4 Ne6 27. Bb6 Ke7 28. a5 Rc8 29. Bc5+ Nxc5 30. bxc5 Rd8 31. Rxd8 Kxd8 32. f4 Ke7 33. fxg5 hxg5 34. Kf3 Kf6 35. Kg4 Kg6 36. h3 Kf6 37. Kh5 1-0

[Event "*** Titled Tuesday Blitz"]
[Site "Chess.com"]
[Date "2020.04.14"]
[Round "2"]
[White "ChessQueen"]
[Black "Zq1"]
[Result "1-0"]
[WhiteElo "2801"]
[BlackElo "2554"]
[TimeControl "180+1"]
[EndTime "10:16:26 PDT"]
[Termination "ChessQueen won by resignation"]

1. Nf3 d5 2. g3 Nf6 3. Bg2 c6 4. O-O Bf5 5. c4 e6 6. d3 h6 7. Qb3 Qb6 8. Qc2 Nbd7 9. Nbd2 Be7 10. Rb1 a5 11. b3 O-O 12. a3 Rfc8 13. Bb2 Bh7 14.
e4 dxe4 15. dxe4 Nc5 16. Rfe1 Ng4 17. Re2 Bf6 18. b4 axb4 19. axb4 Na4 20. Bxf6 Nxf6 21. c5 Qa6 22. Re3 b6 23. Nc4 bxc5 24. bxc5 Rd8 25.
Nb6 Nxb6 26. cxb6 Qb7 27. Ne5 Rac8 28. Ra3 Ra8 29. Rc3 c5 30. Rxc5 Nxe4 31. Rc7 Qd5 32. Nxf7 Rf8 33. Nxh6+ gxh6 34. Rxh7 Rxf2 35. Qxf2 Nxf2 36.
Bxd5 Nh3+ 37. Kg2 exd5 38. Ra7 1-0

[Event "*** Titled Tuesday Blitz"]
[Site "Chess.com"]
[Date "2020.04.14"]
[Round "2"]
[White "ClassyEl"]
[Black "LogoCzar"]
[Result "1-0"]
[WhiteElo "2700"]
[BlackElo "2443"]
[TimeControl "180+1"]
[EndTime "10:16:26 PDT"]
[Termination "ClassyEl won by resignation"]

1. d4 d5 2. Bf4 c5 3. e3 Nc6 4.
Nf3 Nf6 5. Nbd2 Bf5 6. a3 e6 7. c4 cxd4 8. exd4 Bd6 9. Bxd6 Qxd6 10. c5 Qe7 11. Bb5 O-O 12. O-O a6 13. Bxc6 bxc6 14. b4 Rfb8 15. Re1 a5 16. Ne5 Qb7 17. h3 axb4 18. axb4 Nd7 19. Ndf3 Nxe5 20. Nxe5 f6 21. Rxa8 Qxa8 22. Nd3 Qa6 23. Nf4 Kf7 24. Nxe6 Bxe6 25. Qh5+ Ke7 26. Qxh7 Rf8 27. Qxg7+ Rf7 28. Qg3 Qc8 29.
Qd6+ Ke8 30. Rxe6+ 1-0

[Event "*** Titled Tuesday Blitz"]
[Site "Chess.com"]
[Date "2020.04.14"]
[Round "2"]
[White "mitrabhaa"]
[Black "Guenplen"]
[Result "1/2-1/2"]
[WhiteElo "2615"]
[BlackElo "2940"]
[TimeControl "180+1"]
[EndTime "10:16:27 PDT"]
[Termination "Game drawn by repetition"]

1. Nf3 d5 2. g3 Bf5 3. Bg2 e6 4. c4 c6 5. O-O h6 6. d3 dxc4 7.
dxc4 Nd7 8. Nc3 Ngf6 9. Bf4 Be7 10. Bd6 O-O 11. Re1 Ne4 12. Nxe4 Bxe4 13. Bxe7 Qxe7 14. Qd4 Bxf3 15. Bxf3 Rfd8 16. Rad1 Nc5 17. Qc3 a5 18. b3 Rxd1 19. Rxd1 Rd8 20. Rxd8+ Qxd8 21. Kg2 Qc7 22. a3 Nd7 23. c5 Kf8 24. b4 axb4 25. axb4 Nf6 26.
Qd4 Ke7 27. e4 e5 28. Qa1 Nd7 29. Bg4 Nf6 30. Bf3 g5 31. h3 h5 32. Be2 h4 33. Bd3 Kf8 34. Qc1 Qd8 35. Qxg5 Qxd3 36. Qxf6 Qxe4+ 37. Kg1 hxg3 38. Qd8+ Kg7 39. Qg5+ Kf8 40.
Qd8+ Kg7 41. Qg5+ Kh7 42. Qh5+ Kg8 43. Qg5+ Kf8 44. Qd8+ 1/2-1/2

[Event "*** Titled Tuesday Blitz"]
[Site "Chess.com"]
[Date "2020.04.14"]
[Round "2"]
[White "pirulillo"]
[Black "AlexOstrovskiy"]
[Result "0-1"]
[WhiteElo "2174"]
[BlackElo "2643"]
[TimeControl "180+1"]
[EndTime "10:16:27 PDT"]
[Termination "AlexOstrovskiy won by resignation"]

1. e4 c6 2. d4 d5 3. e5 c5 4.
dxc5 e6 5. Nf3 Bxc5 6. Bd3 Ne7 7.
O-O Ng6 8. a3 Nc6 9. Re1 O-O 10. b4 Bb6 11. b5 Nd4 12. Bb2 Nxf3+ 13. Qxf3 Bd7 14. a4 a6 15. Nd2 axb5 16. axb5 Rxa1 17.
Bxa1 Qg5 18. Nb3 Rc8 19. Bd4 Bxd4 20. Nxd4 Nxe5 21. Qg3 Qxg3 22. hxg3 Nxd3 23. cxd3 f6 24. f4 Kf7 25. Kf2 Rc3 26. Ke3 e5 27. fxe5 fxe5 28. Nf3 e4 29. Ne5+ Ke6 30. Kd4 Ra3 31. Nxd7 Rxd3+ 32. Kc5 Kxd7 33. Kb6 Rb3 34. Kc5 Ke6 35. Rd1 e3 36.
Rxd5 Rxb5+ 37. Kxb5 Kxd5 0-1